 Dungeon Crawl Stone Soup version 0.28-a0-1348-g050f3537b9 (webtiles) character file.

Game seed: 9519723073821467813

3479 HessuHobo the Fighter (level 9, 0/135 HPs)
             Began as a Minotaur Berserker on Dec 30, 2021.
             Was an Elder of Trog.
             Succumbed to a skeletal warrior's poison
             ... on level 8 of the Dungeon.
             The game lasted 00:11:16 (12076 turns).

HessuHobo the Fighter (Minotaur Berserker)         Turns: 12076, Time: 00:11:17

Health: 0/135      AC: 22    Str: 23    XL:     9   Next: 79%
Magic:  8/8        EV:  8    Int:  4    God:    Trog [****..]
Gold:   369        SH:  5    Dex: 13    Spells: 8/8 levels left

rFire   . . .      SeeInvis .   E - +0 war axe
rCold   . . .      Faith    .   l - +0 buckler
rNeg    . . .      Spirit   .   A - +0 plate armour
rPois   .          Reflect  .   (helmet restricted)
rElec   .          Harm     .   F - +0 cloak
rCorr   .          Rampage  .   (no gloves)
Will    .....                   v - +2 pair of boots
Stlth   ..........              (no amulet)
HPRegen 0.32/turn               d - +4 ring of protection
MPRegen 0.11/turn               (no ring)

@: berserking (expiring), lethally poisoned (0 -> -28), studying Fighting, very
quick
A: horns 2, retaliatory headbutt
a: Renounce Religion, Berserk, Trog's Hand, Brothers in Arms


You were on level 8 of the Dungeon.
You worshipped Trog.
Trog was greatly pleased with you.
You visited 1 branch of the dungeon, and saw 8 of its levels.

You collected 369 gold pieces.

Inventory:

Hand Weapons
 b - a +0 hand crossbow
 c - a +1 flail of protection
 w - a +1 vorpal flail
 E - a +0 war axe (weapon)
Missiles
 z - 66 bolts (quivered)
Armour
 l - a +0 buckler (worn)
 v - a +2 pair of boots (worn)
 A - a +0 plate armour (worn)
 F - a +0 cloak (worn)
Jewellery
 d - a +4 ring of protection (left hand)
 m - a ring of ice
 y - an amulet of guardian spirit
Wands
 n - a wand of iceblast (16)
 p - a wand of acid (15)
 r - a wand of digging (5)
 B - a wand of flame (19)
Scrolls
 a - a scroll of immolation {unknown}
 e - a scroll of teleportation {unknown}
 g - 2 scrolls of magic mapping
 q - a scroll of vulnerability
 s - a scroll of noise {unknown}
 t - 2 scrolls of enchant weapon {unknown}
 C - a scroll of fog {unknown}
 G - a scroll of silence {unknown}
Potions
 f - 3 potions of brilliance {unknown}
 h - 4 potions of degeneration
 i - 2 potions of berserk rage
 j - 6 potions of curing
 k - a potion of flight {unknown}
 o - a potion of ambrosia {unknown}
 u - a potion of invisibility {unknown}
 x - 2 potions of heal wounds {unknown}
 D - a potion of resistance {unknown}


   Skills:
 + Level 11.8 Fighting
 + Level 9.3 Axes
 + Level 4.0 Crossbows
 + Level 8.9 Armour
 - Level 2.1 Dodging
 - Level 4.0 Shields
 + Level 3.2 Evocations


You had 8 spell levels left.
You didn't know any spells.
Your spell library was empty.

Dungeon Overview and Level Annotations

Branches:
Dungeon (8/15)             Temple (0/1) D:4
   Lair: D:8-11

Altars:
Elyvilon
Trog


Innate Abilities, Weirdness & Mutations

You have a pair of horns on your head.
You reflexively headbutt those who attack you in melee.


Message History

You are more poisoned.
You closely miss the skeletal warrior.
Your headbutt misses the skeletal warrior.
The skeletal warrior is severely damaged.
You feel extremely sick.
The skeletal warrior hits you but does no damage.
You are more poisoned.
You barely miss the skeletal warrior. You headbutt the skeletal warrior!
The skeletal warrior is almost destroyed.
You feel extremely sick.
You barely miss the skeletal warrior.
The skeletal warrior is almost destroyed.
You feel very sick.
The skeletal warrior hits you with a +2 short sword of venom!!
* * * LOW HITPOINT WARNING * * *
You hit the skeletal warrior but do no damage.
The skeletal warrior is almost destroyed.
* * * LOW HITPOINT WARNING * * *
You feel very sick.
The skeletal warrior hits you with a +2 short sword of venom!
* * * LOW HITPOINT WARNING * * *
You are more poisoned.
You are too berserk!
You slice the skeletal warrior!!
You destroy the skeletal warrior!
Trog accepts your kill.
* * * LOW HITPOINT WARNING * * *
You feel extremely sick.
Your Crossbows skill increases to level 4!
Your Evocations skill increases to level 3!
You slash the bullfrog!
You feel the power of Trog in you as your rage grows.
You kill the bullfrog!
Trog accepts your kill.
* * * LOW HITPOINT WARNING * * *
You feel very sick.
* * * LOW HITPOINT WARNING * * *
You feel very sick.
You feel a strong urge to attack something.
You die...

..................
###'####........##
.......'........# ..
.......#........# ...
.......#........# ....
##...###........# ###....
##...#.......#####.......
#....#.......#...#.......
#.#########..#..@#.......
# #..'...)....).. #
#..#####....... ## #...
..#'### .. #.... ..# ..
.. #.... ..# [ .. #.....
..# .. ...... ..# .. ...
..#


There were no monsters in sight!

Vanquished Creatures
  A skeletal warrior (D:8)
  A hornet (D:5)
  A wyvern (D:7)
  An orc warrior (D:6)
  2 black bears
  3 sky beasts
  An ogre (D:6)
  3 centaurs (D:7)
  2 kobold brigands
  3 bullfrogs
  2 scorpions
  A wyvern zombie (D:8)
  5 wights (D:8)
  A bullfrog zombie (D:5)
  3 jellies
  Crazy Yiuf (D:7)
  A gnoll shaman (D:7)
  2 bullfrog skeletons
  4 orc priests
  4 hounds
  4 iguanas
  6 orc wizards
  A scorpion zombie (D:5)
  A hound skeleton (D:4)
  Robin (D:4)
  5 gnolls (D:7)
  6 adders
  A shadow imp (D:8)
  A worm (D:4)
  2 dart slugs
  31 orcs
  7 ball pythons
  11 endoplasms
  5 giant cockroaches
  14 goblins
  6 hobgoblins
  4 jackals (D:3)
  9 kobolds
  2 quokkas (D:3)
  4 bats
  5 frilled lizards
  3 rats
171 creatures vanquished.

Vanquished Creatures (others)
  An orc wizard (D:4)
1 creature vanquished.

Grand Total: 172 creatures vanquished

Notes
Turn   | Place    | Note
-------+----------+-------------------------------------------
     0 | D:1      | HessuHobo the Minotaur Berserker began the quest for the
                  | Orb.
     0 | D:1      | Reached XP level 1. HP: 19/19 MP: 0/0
   230 | D:1      | Reached XP level 2. HP: 26/27 MP: 1/1
   326 | D:1      | Reached skill level 4 in Fighting
   680 | D:2      | Reached XP level 3. HP: 31/33 MP: 2/2
  1768 | D:3      | Reached XP level 4. HP: 41/41 MP: 3/3
  1793 | D:3      | Reached ** piety under Trog
  1865 | D:3      | Reached skill level 1 in Shields
  2787 | D:3      | Reached XP level 5. HP: 47/47 MP: 4/4
  3219 | D:3      | Found a faded altar of an unknown god.
  3528 | D:4      | Reached skill level 5 in Fighting
  3528 | D:4      | Reached skill level 5 in Axes
  3536 | D:4      | Noticed an ogre
  3554 | D:3      | Reached XP level 6. HP: 56/56 MP: 5/5
  5561 | D:4      | Reached skill level 5 in Armour
  5760 | D:4      | Noticed Robin
  5768 | D:4      | Reached skill level 6 in Fighting
  5773 | D:4      | Reached *** piety under Trog
  5784 | D:4      | Killed Robin
  5785 | D:4      | Reached XP level 7. HP: 63/63 MP: 6/6
  5917 | D:4      | Found a staircase to the Ecumenical Temple.
  6156 | D:5      | Entered Level 5 of the Dungeon
  6506 | D:5      | Reached skill level 7 in Fighting
  7488 | D:6      | Noticed a hornet
  7495 | D:5      | Paralysed by a hornet for 1 turns
  7498 | D:5      | Killed a hornet
  7499 | D:5      | Reached skill level 8 in Fighting
  7499 | D:5      | Reached XP level 8. HP: 71/75 MP: 7/7
  7662 | D:6      | Reached skill level 9 in Fighting
  7935 | D:6      | Found a white marble altar of Elyvilon.
  8140 | D:6      | Found a bloodstained altar of Trog.
  8708 | D:6      | Identified the +1 helmet of Untruth {Will+ Int+2}
  9344 | D:7      | Reached skill level 10 in Fighting
  9364 | D:6      | Reached skill level 1 in Crossbows
  9483 | D:7      | Reached skill level 1 in Evocations
  9505 | D:7      | Identified the +1 robe "Qaseoxt" {SInv}
  9603 | D:7      | Reached **** piety under Trog
  9687 | D:7      | Reached XP level 9. HP: 70/86 MP: 8/8
 10570 | D:7      | Found a runed translucent door.
 10571 | D:7      | Noticed Crazy Yiuf
 10940 | D:7      | Killed Crazy Yiuf
 11133 | D:8      | Noticed a skeletal warrior
 11170 | D:7      | Reached skill level 11 in Fighting
 12073 | D:8      | Killed a skeletal warrior
 12075 | D:8      | HP: 4/135 [poisoned by a skeletal warrior]
 12076 | D:8      | Succumbed to a skeletal warrior's poison

Illustrated notes

Levels and vault maps discovered:
D:1:      minmay_arrival_wavy_path, layout_rooms, minmay_misc_feat_nine_boxes,
          st_stairs_7, hangedman_decor_growths, minmay_curled_crystal
D:2:      layout_basic
D:3:      layout_basic, hellmonk_ecumenical_altar_leap_of_faith
D:4:      layout_basic, minmay_temple_entry_enclosed_plants, minivault_1,
          minmay_manual_moon, uniq_robin
D:5:      layout_loops_ring, nicolae_zen_rock_garden
D:6:      layout_basic, bloody_trog, elyvilon_altar_5
D:7:      layout_basic, st_stairs_13, amcnicky_mini_corridor_feature,
          uniq_crazy_yiuf_cottage
D:8:      layout_gridville, minmay_crystal_room, st_stairs_3, feat_on_display

Skill      XL: |  1  2  3  4  5  6  7  8  9 |
---------------+----------------------------+-----
Fighting       | 4 5 6 8 10 11 | 11.8
Axes           | 4 5 7 8 9 |  9.3
Armour         | 3 4 5 6 7 8 |  8.9
Shields        | 1 2 3 4 |  4.0
Crossbows      | 1 4 |  4.0
Evocations     | 1 3 |  3.2
Dodging        | |  2.1

Action                   |  1- 3 |  4- 6 |  7- 9 || total
-------------------------+-------+-------+-------++-------
Melee: Hand axe          |    75 |   170 |   308 ||   553
       Headbutt          |    16 |    24 |    81 ||   121
       War axe           |       |       |    19 ||    19
Invok: Trog's Hand       |       |     1 |       ||     1
       Berserk           |       |       |     2 ||     2
  Use: Scroll            |       |     1 |     4 ||     5
Armor: Scale mail        |    31 |    45 |       ||    76
       Chain mail        |       |    28 |   121 ||   149
       Plate armour      |       |       |   101 ||   101
Dodge: Dodged            |    36 |    62 |    89 ||   187
Block: Buckler           |       |    28 |    66 ||    94

Table legend: (Time is in decaauts)
 A = Elapsed time spent in this place.
 B = Non-inter-level travel time spent in this place.
 C = Inter-level travel time spent in this place.
 D = Time resting spent in this place.
 E = Time spent auto-exploring this place.
 F = Levels seen in this place.
 G = Mean time per level.
                   A        B        C        D        E       F      G
               +--------+--------+--------+--------+--------+-----+--------+
         Total |  12087 |  11385 |    702 |   5555 |   4372 |   8 | 1510.9 |
       Dungeon |  12087 |  11385 |    702 |   5555 |   4372 |   8 | 1510.9 |
               +--------+--------+--------+--------+--------+-----+--------+

Top non-repeatable levels by time:
     D:3: 2597 daAuts
     D:4: 2107 daAuts
     D:7: 2056 daAuts
     D:5: 1552 daAuts
     D:6: 1459 daAuts
     D:2: 1152 daAuts
     D:1: 616 daAuts
     D:8: 545 daAuts
